cohdb
Replays
Latest Replays
All Replays
Popular Replays
Top Player Replays
Match Explorer
How It Works
Community
CoH3 Stats
Reddit
Sign in to upload your games and track your stats! →
Sign in with Steam
Match 46638120
Unlisted
Match 46638120
Overview
Messages
Build Orders
End
Construct Infanterie Kompanie
Pioneer Squad
MG 42 Machine Gun Team
Selects Mechanized Battlegroup
MG 42 Machine Gun Team
Construct Panzergrenadier Kompanie
Panzergrenadier Squad
Selects Mobile Repair Stations
251 Medium Carrier
Pak 40 Anti-tank Gun Team
Panzergrenadier Squad
Selects Raid Package
Ashur
SmurfingIntoArranged--->xD
Angrybirds
Winitariy
0
0
Comments
sign in to comment!
No comments posted yet!